 Dungeon Crawl Stone Soup version 0.30-a0-605-gb2882149bf (webtiles) character file.

Game seed: 10928615798969311112

52 OTABOTABOTAB the Insei (level 3, 0/23 HPs)
             Began as an Octopode Transmuter on Jan 7, 2023.
             Killed by nerve-wracking pain
             ... invoked by a shadow imp
             ... summoned by Natasha
              (7 damage)
             ... on level 2 of the Dungeon.
             The game lasted 00:02:07 (1361 turns).

OTABOTABOTAB the Insei (Octopode Transmuter)        Turns: 1361, Time: 00:02:08

Health: 0/23       AC:  1    Str:  9    XL:     3   Next: 85%
Magic:  5/6        EV: 13    Int: 23    God:
Gold:   87         SH:  0    Dex: 12    Spells: 5/6 levels left

rFire   . . .      SeeInvis .    b - +2 dagger (elec)
rCold   . . .      Faith    .    (no shield)
rNeg    . . .      Spirit   .    (helmet currently unavailable)
rPois   +          Reflect  .    (no amulet)
rElec   .          Harm     .    d - +6 ring of intelligence
rCorr   .          Rampage  .    g - ring of poison resistance {rPois, !d}
Will    .....                    (no ring)
Stlth   ++                       (no ring)
HPRegen 0.23/turn                (no ring)
MPRegen 0.10/turn                (no ring)
                                 (no ring)
                                 (no ring)

@: appendages
A: tentacle spike 3, almost no armour, amphibious, 8 rings, camouflage 1,
gelatinous body 1, (nimble swimmer 1), tentacles
a: End Transformation


You were on level 2 of the Dungeon.
One of your tentacles had grown a beastly spike.
You visited 1 branch of the dungeon, and saw 2 of its levels.

You collected 87 gold pieces.

Inventory:

Hand Weapons
 b - a +2 dagger of electrocution (weapon)
   (You took it off a goblin on level 1 of the Dungeon)
Jewellery
 d - a +6 ring of intelligence (left tentacle)
   (You found it on level 1 of the Dungeon)
 g - a ring of poison resistance (right tentacle) {rPois, !d}
   (You found it on level 1 of the Dungeon)
Scrolls
 c - a scroll of fog
Potions
 a - a potion of lignification {!q}
 e - a potion of mutation {!q}
 f - a potion of ambrosia {unknown}
 h - a potion of attraction {unknown}


   Skills:
 - Level 1.0 Fighting
 + Level 2.8 Dodging
 + Level 3.6 Unarmed Combat
 - Level 2.0 Spellcasting
 + Level 2.8 Transmutations


You had 5 spell levels left.
You knew the following spells:

 Your Spells              Type           Power      Damage    Failure   Level
a - Beastly Appendage     Tmut           30%        N/A       4%          1

Your spell library contained the following spells:

 Spells                   Type           Power      Damage    Failure   Level
 Wereblood                Tmut           15%        N/A       6%          2
 Spider Form              Tmut/Pois      8%         N/A       22%         3
 Ice Form                 Ice/Tmut       8%         N/A       58%         4


Dungeon Overview and Level Annotations

Branches:
Dungeon (2/15)

Altars:

Annotations:
D:2 Natasha


Innate Abilities, Weirdness & Mutations

One of your tentacles has grown a beastly spike.
You cannot wear most types of armour.
You are amphibious.
You can wear up to eight rings at the same time.
Your skin changes colour to match your surroundings (Stealth+).
Your rubbery body absorbs attacks. (AC +1, EV +1)
((You are camouflaged when in or above water. (Stealth+)))
You have tentacles for arms and can constrict up to eight enemies at once.


Message History

The bat closely misses you.
You now have 5/6 mp.
A goblin comes into view. It is wielding a +0 club.
The bat misses you.
Unknown command.
You hit the bat.
You kill the bat!
A worm and a bat come into view.
An endoplasm and a worm come into view.
The bat hits you.
You take 1 damage, and have 22/23 hp.
You hit the bat.
You kill the bat!
Your transformation is almost over.
You hit the rat.
You kill the rat!
Health restored: 23 The goblin barely misses you.
A bat comes into view.
MP restored: 6 The endoplasm attacks as you move away!
The endoplasm misses you. The bat hits you.
You take 1 damage, and have 22/23 hp.
You hit the endoplasm.
You pierce the endoplasm, but do no damage.
The bat misses you. The endoplasm freezes you.
You are frozen.
You take 3 damage, and have 19/23 hp.
You hit the endoplasm.
Lightning courses through the endoplasm!
You kill the endoplasm!
The bat hits you.
You take 1 damage, and have 18/23 hp.
You swing at nothing.
The bat hits you. The goblin hits you with a +0 club.
You take 5 damage, and have 13/23 hp.
MASSIVE DAMAGE!!
You hit the goblin but do no damage. Your grab misses the goblin.
Your tentacle spike disappears.
The bat misses you. The goblin hits you with a +0 club.
You take 3 damage, and have 10/23 hp.
You hit the goblin but do no damage. Your grab misses the goblin.
Your tentacle-slap misses the goblin.
The bat hits you but does no damage. The goblin closely misses you.
You hit the goblin but do no damage. You grab the goblin.
You squeeze the goblin.
You kill the goblin!
The bat closely misses you. x2
You barely miss the bat. Your grab misses the bat.
The bat hits you but does no damage. The bat hits you.
You take 1 damage, and have 10/23 hp.
You barely miss the bat. Your grab misses the bat. The bat hits you.
The bat hits you but does no damage. The worm closely misses you.
You take 1 damage, and have 9/23 hp.
You hit the worm but do no damage. You grab the worm. You squeeze the worm!
You constrict the worm. The bat hits you but does no damage. The bat hits you.
You hit the worm. Lightning courses through the worm!
You kill the worm!
The bat barely misses you.
You closely miss the bat. Your grab misses the bat.
Your squeeze misses the bat. The bat closely misses you.
You swing at nothing.
The bat hits you.
You take 1 damage, and have 8/23 hp.
You miss the bat. You grab the bat. You constrict the bat. The bat hits you.
The bat closely misses you. The bat barely misses you.
You take 1 damage, and have 7/23 hp.
You hit the bat.
You kill the bat!
Sorry, you're not good enough to have a special ability.
An endoplasm comes into view.
Health restored: 23 An endoplasm is nearby!
Found a stone staircase leading down.
The helpless endoplasm fails to defend itself.
You hit the endoplasm.
You kill the endoplasm!
Unknown command.
No target in view!
Natasha, Servant of Life and Death comes into view.
She is carrying a wand of flame (21).
One of your tentacles grows a vicious spike.
Natasha hisses angrily.
Natasha casts a spell.
You now have 5/6 mp.
Natasha drinks a potion.
Natasha suddenly seems more resistant.
The shadow imp closely misses you.
You hit the shadow imp. Your grab misses the shadow imp.
Natasha closely misses you. The shadow imp hits you.
You take 3 damage, and have 20/23 hp.
You hit the shadow imp but do no damage.
Your grab misses the shadow imp. Natasha closely misses you.
The shadow imp hits you.
You take 1 damage, and have 19/23 hp.
You closely miss the shadow imp. Your grab misses the shadow imp.
Your tentacle spike misses the shadow imp.
Natasha zaps a wand.
The puff of flame hits you!
Ouch! That really hurt!
The shadow imp gestures at you. Pain shoots through your body!
You die...

.....?..#
.................#
.................#
.................###
...................
w...............#
...........5..#
###.†.......h@.#
#.......######.#
#..†..#........###
##.....#######....#
+......).........>#
##....)####..#.##.#
#.....# #.......#
#.....# ##....... #
#.....########.#.##.#


You could see Natasha (resistant) and a shadow imp (summoned).

Vanquished Creatures
  An adder (D:2)
  3 worms (D:2)
  3 bats (D:2)
  4 endoplasms
  2 giant cockroaches
  3 goblins
  2 hobgoblins (D:1)
  4 jackals (D:2)
  4 kobolds
  A quokka (D:2)
  A ball python (D:1)
  2 frilled lizards (D:1)
  A rat (D:2)
31 creatures vanquished.

Notes
Turn   | Place    | Note
-------+----------+-------------------------------------------
     0 | D:1      | OTABOTABOTAB the Octopode Transmuter began the quest for
                  | the Orb.
     0 | D:1      | Reached XP level 1. HP: 13/13 MP: 3/3
   290 | D:1      | HP: 3/13 [goblin/+2 dagger of electrocution (5)]
   292 | D:1      | Reached XP level 2. HP: 5/18 MP: 3/5
   976 | D:2      | Reached XP level 3. HP: 19/23 MP: 4/6
  1356 | D:2      | Noticed Natasha
  1361 | D:2      | Killed from afar by a shadow imp

Illustrated notes

Levels and vault maps discovered:
D:1:      arrival_zaba_pyramid, layout_loops_ring
D:2:      layout_basic, serial_shops, nicolae_lakefront_shop,
          kennysheep_generic_room_15, uniq_natasha

Action                   || total
-------------------------++-------
Melee: Unarmed           ||    10
       Constrict         ||    14
       Kick              ||     7
       Tentacles         ||     9
       Dagger            ||    48
 Cast: Beastly Appendage ||     8
 Abil: End Transformatio ||     4
  Use: Scroll            ||     6
 Stab: Sleeping          ||     3
Armor: Skin              ||     7
Dodge: Dodged            ||    39

Table legend: (Time is in decaauts)
 A = Elapsed time spent in this place.
 B = Non-inter-level travel time spent in this place.
 C = Inter-level travel time spent in this place.
 D = Time resting spent in this place.
 E = Time spent auto-exploring this place.
 F = Levels seen in this place.
 G = Mean time per level.
                   A        B        C        D        E       F      G
               +--------+--------+--------+--------+--------+-----+--------+
         Total |   1358 |   1356 |      2 |    138 |   1038 |   2 |  679.0 |
       Dungeon |   1358 |   1356 |      2 |    138 |   1038 |   2 |  679.0 |
               +--------+--------+--------+--------+--------+-----+--------+

Top non-repeatable levels by time:
     D:1: 947 daAuts
     D:2: 410 daAuts

Table legend:
 A = Kills in this place as a percentage of kills in entire the game.
 B = Kills by you in this place as a percentage of kills by you in the entire game.
 C = Kills by friends in this place as a percentage of kills by friends in the entire game.
 D = Other kills in this place as a percentage of other kills in the entire game.
 E = Experience gained in this place as a percentage of experience gained in the entire game.
 F = Experience gained in this place divided by the number of levels of this place that you have seen.
                   A       B       C       D       E      F
               +-------+-------+-------+-------+-------+----------------------
         Total | 100.0 | 100.0 |   N/A |   N/A | 100.0 |  37.5
       Dungeon | 100.0 | 100.0 |   N/A |   N/A | 100.0 |  37.5
               +-------+-------+-------+-------+-------+----------------------
